Map: [ESL] Moondance

Players

Cure - Winner!

  • Race: Terran Terran
  • League: Master
  • Spawn Location: 12:00

HeroMarine

  • Race: Terran Terran
  • League: Master
  • Spawn Location: 6:00

Event: HomeStory Cup XXII

VOD

Have the link to the VOD?

Description

Time

  • Played on: Dec. 16, 2022, 5:53 a.m.
  • Length: 8:45

All games in this series

Show
View Real Time Build Order
Export as new Build Order

Cure Terran - Winner!

Build Orders:  

Get SALT Encoding   

  12  0:00  SCV  
  13  0:12  SCV  
  14  0:17  Supply Depot  
  14  0:24  SCV  
  15  0:38  SCV  
  15  0:40  Barracks  
  15  0:42  Refinery  
  16  0:50  SCV  
  17  0:57  Barracks  
  17  1:02  SCV  
  18  1:09  Refinery  
  18  1:15  SCV  
  19  1:27  Reaper  
  19  1:29  Orbital Command  
  20  1:40  Supply Depot  
  20  1:44  Reaper  
  21  1:54  SCV  
  21  1:59  Reaper  
  23  2:06  SCV  
  23  2:08  Factory  
  24  2:17  Supply Depot, Reaper  
  24  2:19  SCV  
  26  2:31  SCV, Reaper  
  28  2:43  SCV  
  29  2:49  Reaper  
  30  2:51  Hellion  
  30  2:55  SCV  
  33  3:01  Command Center  
  33  3:04  Reaper  
  34  3:13  SCV  
  34  3:14  Supply Depot  
  34  3:16  Hellion  
  37  3:24  Reaper  
  38  3:29  Starport  
  38  3:30  SCV  
  39  3:39  Barracks Reactor, Factory Tech Lab  
  39  3:42  SCV  
  40  3:54  SCV  
  41  3:57  Marine  
  41  3:58  Cyclone  
  41  4:01  Refinery  
  45  4:06  SCV  
  46  4:13  Medivac  
  46  4:15  Orbital Command  
  46  4:16  Marine x2  
  50  4:17  Marine  
  50  4:23  SCV  
  50  4:33  Siege Tank  
  50  4:35  SCV  
  53  4:40  Marine x3  
  53  4:45  SCV  
  57  4:47  SCV  
  56  4:57  SCV  
  56  4:58  Marine x3  
  56  4:59  SCV  
  58  5:02  Viking  
  57  5:09  SCV  
  57  5:13  Siege Tank  
  58  5:15  Marine  
  58  5:16  SCV, Marine  
  61  5:21  SCV  
  61  5:22  Barracks Tech Lab  
  62  5:35  Starport Reactor  
  62  5:41  Supply Depot  
  62  5:42  Stimpack  
  62  5:45  Supply Depot  
  62  6:05  Marine  
  62  6:07  SCV x2  
  60  6:19  SCV x2, Siege Tank  
  60  6:23  Marine  
  65  6:28  Barracks Reactor  
  65  6:31  SCV x2, Starport Reactor  
  64  6:41  Marine  
  64  6:43  SCV x2  
  64  6:46  Supply Depot  
  67  6:48  Supply Depot  
  67  6:52  Command Center  
  67  6:55  SCV x2  
  67  6:58  Marine  
  69  7:07  Engineering Bay x2, SCV x2, Siege Tank  
  74  7:09  Marine x2  
  74  7:10  Medivac x2  
  80  7:19  Supply Depot, SCV x2  
  80  7:20  Marine  
  83  7:24  Combat Shield  
  83  7:27  Marine x2  
  83  7:31  SCV x2  
  85  7:43  SCV x2  
  87  7:45  Marine x3  
  88  7:56  SCV x2  
  88  8:02  Marine x2  
  88  8:03  Marine  
  91  8:08  SCV x2  
  91  8:12  Barracks  
  93  8:14  Barracks  
  93  8:17  Barracks  
  93  8:20  Marine x3  
  93  8:23  SCV x2  
  91  8:28  SCV  
  90  8:36  Refinery  
Show
View Real Time Build Order
Export as new Build Order

HeroMarine Terran 

Build Orders:  

Get SALT Encoding   

  12  0:00  SCV  
  13  0:12  SCV  
  14  0:17  Supply Depot  
  14  0:24  SCV  
  15  0:38  SCV  
  15  0:40  Barracks  
  16  0:43  Refinery  
  16  0:50  SCV  
  16  0:52  Refinery  
  17  1:03  SCV  
  18  1:15  SCV  
  19  1:27  Reaper, Orbital Command  
  19  1:31  Supply Depot  
  20  1:40  Factory  
  20  1:52  SCV  
  21  1:59  Reaper  
  22  2:04  SCV  
  23  2:15  Command Center  
  23  2:17  SCV  
  24  2:24  Hellion  
  24  2:29  SCV  
  27  2:31  Barracks Reactor  
  27  2:35  Supply Depot  
  27  2:41  SCV  
  27  2:45  Hellion  
  29  2:53  SCV  
  29  2:55  Starport  
  30  3:05  SCV  
  31  3:06  Factory Tech Lab  
  31  3:07  Marine x2  
  33  3:17  SCV  
  34  3:24  Marine  
  34  3:25  Marine  
  34  3:26  Siege Tank  
  39  3:35  SCV, Medivac  
  43  3:42  Orbital Command, Marine x2  
  44  3:49  SCV  
  44  3:53  Orbital Command  
  45  3:58  Cyclone  
  45  4:00  Marine x2  
  45  4:01  SCV  
  51  4:05  Orbital Command  
  51  4:06  Starport Tech Lab  
  51  4:15  Supply Depot  
  52  4:17  SCV  
  52  4:18  Marine x2  
  54  4:37  SCV, Banshee, Siege Tank  
  61  4:39  SCV  
  61  4:44  Refinery  
  62  4:52  Marine x2  
  62  4:53  SCV x2  
  59  5:05  SCV x2  
  59  5:10  Marine x2  
  59  5:15  Siege Tank  
  59  5:17  SCV  
  59  5:21  SCV  
  63  5:23  Supply Depot  
  63  5:25  Raven  
  63  5:27  Command Center  
  65  5:29  SCV, Marine x2  
  65  5:33  SCV  
  65  5:34  Supply Depot  
  69  5:39  Refinery  
  69  5:41  SCV  
  70  5:45  SCV  
  71  5:53  SCV  
  71  5:54  Marine x2  
  74  5:57  SCV  
  74  6:01  Siege Tank  
  70  6:05  SCV  
  70  6:09  SCV  
  71  6:11  Raven  
  71  6:17  SCV  
  70  6:20  Marine x2  
  70  6:21  SCV  
  73  6:30  SCV  
  68  6:33  SCV  
  69  6:40  Siege Tank  
  69  6:42  SCV  
  69  6:43  Orbital Command  
  69  6:46  SCV  
  74  6:54  SCV  
  76  6:58  SCV  
  73  7:06  SCV  
  74  7:10  SCV  
  74  7:11  Viking x2, Marine  
  74  7:12  SCV  
  81  7:18  SCV  
  81  7:20  Siege Tank  
  81  7:22  SCV  
  86  7:24  SCV  
  86  7:29  Marine  
  88  7:30  SCV  
  88  7:34  SCV  
  88  7:36  SCV  
  90  7:42  SCV  
  66  7:44  Viking x2  
  88  7:46  SCV  
  88  7:47  Marine  
  88  7:48  SCV  
  94  7:54  SCV  
  93  7:58  SCV  
  93  7:59  Siege Tank  
  93  8:00  SCV  
  94  8:06  SCV, Marine  
  94  8:10  SCV  
  94  8:12  SCV  
  98  8:14  Viking  
  98  8:16  Barracks  
  98  8:17  Barracks  
  98  8:18  SCV  
  103  8:22  SCV  
  103  8:25  SCV  
  90  8:30  SCV  
  83  8:35  Engineering Bay  
  83  8:37  Engineering Bay  
Tags
 
Add a new tag
Caveats
  • Supply blocks, unpowered buildings, or Contaminate may cause inaccurate times.
  • Supply counts are checked every 10 seconds.